 Dungeon Crawl Stone Soup version 0.28-a0-845-gfc338a8e3c (webtiles) character file.

Game seed: 12285213365961877510

93 Rennog the Ruffian (level 4, -1/45 HPs)
             Began as a Troll Fighter on Nov 13, 2021.
             Slain by a gnoll (9 damage)
             ... on level 5 of the Dungeon.
             The game lasted 00:01:56 (1576 turns).

Rennog the Ruffian (Troll Fighter)                  Turns: 1576, Time: 00:01:57

Health: -1/45      AC:  4    Str: 24    XL:     4   Next: 37%
Magic:  3/3        EV:  8    Int:  4    God:
Gold:   120        SH:  7    Dex: 10    Spells: 3/3 levels left

rFire   . . .      SeeInvis .     - Unarmed
rCold   . . .      Faith    .   b - +0 kite shield
rNeg    . . .      Spirit   .   a - +0 robe
rPois   .          Reflect  .   (helmet restricted)
rElec   .          Harm     .   (no cloak)
rCorr   .          Rampage  .   (gloves unavailable)
Will    .....                   (boots unavailable)
Stlth   +.........              (no amulet)
HPRegen 1.15/turn               (no ring)
MPRegen 0.08/turn               (no ring)

@: lethally poisoned (-1 -> -4)
A: large, unfitting armour, claws 3, regeneration 1, shaggy fur 1, tough skin 1
a: no special abilities


You were on level 5 of the Dungeon.
You visited 1 branch of the dungeon, and saw 4 of its levels.

You collected 120 gold pieces.

Inventory:

Armour
 a - a +0 robe (worn)
 b - a +0 kite shield (worn)
Scrolls
 d - a scroll of enchant armour {unknown}
 f - a scroll of summoning {unknown}
 g - a scroll of enchant weapon {unknown}
 h - a scroll of fear {unknown}
 i - 2 scrolls of identify {unknown}
Potions
 c - 2 potions of might
 e - a potion of curing {unknown}
 j - 2 potions of brilliance {unknown}
 k - a potion of heal wounds {unknown}
 l - a potion of haste {unknown}
 m - a potion of flight {unknown}
 n - 2 potions of mutation {unknown}


   Skills:
 + Level 3.1 Fighting
 - Level 2.4 Dodging
 - Level 2.4 Shields
 * Level 4.0 Unarmed Combat


You had 3 spell levels left.
You didn't know any spells.
Your spell library contained the following spells:

 Spells                   Type           Power      Damage    Failure   Level
 Conjure Flame            Conj/Fire      0%         6-21      100%        3
 Ignite Poison            Fire/Tmut/Pois 0%         N/A       100%        3
 Sticky Flame             Conj/Fire      0%         2d3       100%        4


Dungeon Overview and Level Annotations

Branches:
Dungeon (3/15)

Altars:
Cheibriados
Nemelex Xobeh
Trog
Vehumet


Innate Abilities, Weirdness & Mutations

You are too large for most types of armour.
You have claws for hands.
Your natural rate of healing is unusually fast.
You are covered in fur. (AC +1)
You have tough skin. (AC +1)


Message History

No target in view!
No target in view!
No target in view!
No target in view!
No target in view!
There is an open door here.
Found a stone staircase leading down.
Found a stone staircase leading down.
You fall into a shaft and drop 2 floors!
The shaft crumbles and collapses. 3 gnolls come into view.
A gnoll is wielding a +3 spear of venom.
The gnoll shouts! x2
Search for what [? for help]? ru You closely miss the gnoll.
The gnoll hits you with a +0 whip.
Press: ? - help, v - describe, . - travel The floor.
The gnoll throws a throwing net.
The throwing net hits you.
You become entangled in the net!
The gnoll hits you with a +3 spear of venom.
The gnoll hits you with a +0 whip.
You see here a throwing net.
You tear a large gash into the net.
The gnoll hits you with a +3 spear of venom!
You are poisoned.
The gnoll hits you with a +0 whip.
You struggle against the net.
You feel very sick. The gnoll barely misses you.
The gnoll hits you but does no damage. The gnoll hits you with a +0 club.
You rip the net and break free!
You feel very sick.
The gnoll hits you with a +3 spear of venom.
You are more poisoned.
The gnoll hits you with a +0 club. The gnoll hits you with a +0 whip.
* * * LOW HITPOINT WARNING * * *
You barely miss the gnoll.
You feel very sick.
The gnoll hits you with a +3 spear of venom!
You die...

# +. #####
#..##...##
#........#
#......g.#
#....g@g.#
#..####+##


You could see 3 gnolls.

Vanquished Creatures
  An adder (D:2)
  A shadow imp (D:3)
  2 worms (D:2)
  3 orcs (D:3)
  3 endoplasms
  2 giant cockroaches
  7 goblins
  5 hobgoblins
  6 jackals
  7 kobolds
  3 quokkas
  4 ball pythons
  9 bats
  3 frilled lizards
  4 rats
60 creatures vanquished.

Notes
Turn   | Place    | Note
-------+----------+-------------------------------------------
     0 | D:1      | Rennog the Troll Fighter began the quest for the Orb.
     0 | D:1      | Reached XP level 1. HP: 22/22 MP: 0/0
    87 | D:1      | Reached XP level 2. HP: 29/29 MP: 1/1
   136 | D:1      | You fall into a shaft and drop 1 floor!
   207 | D:2      | Reached skill level 3 in Unarmed Combat
   207 | D:2      | Reached XP level 3. HP: 36/36 MP: 2/2
   923 | D:2      | Found a faded altar of an unknown god.
   953 | D:2      | Reached XP level 4. HP: 45/45 MP: 3/3
  1289 | D:3      | Found a snail-covered altar of Cheibriados.
  1485 | D:3      | Found a radiant altar of Vehumet.
  1485 | D:3      | Found a sparkling altar of Nemelex Xobeh.
  1485 | D:3      | Found a bloodstained altar of Trog.
  1489 | D:3      | Reached skill level 4 in Unarmed Combat
  1570 | D:3      | You fall into a shaft and drop 2 floors!
  1570 | D:5      | Entered Level 5 of the Dungeon
  1576 | D:5      | Slain by a gnoll

Illustrated notes

Levels and vault maps discovered:
D:1:      lightli_arrival_flooded_house, layout_loops_ring,
          hangedman_abyss_or_decor_stabs, minmay_indecisive_spiral
D:2:      layout_basic, hellmonk_ecumenical_altar_lost_god
D:3:      layout_rooms, cheibrodos_worm_habitat, gammafunk_temple_overflow_claw
D:5:      layout_gridville, kennysheep_donut, guppyfry_shop_venom,
          uniq_blork_the_orc

Skill      XL: |  1  2  3  4 |
---------------+-------------+-----
Unarmed Combat | 3 4 |  4.0
Fighting       | 3 |  3.1
Dodging        | |  2.4
Shields        | |  2.4

Action                   |  1- 3 |  4- 6 || total
-------------------------+-------+-------++-------
Melee: Unarmed           |   128 |    30 ||   158
 Stab: Sleeping          |     1 |       ||     1
Armor: Robe              |    45 |    10 ||    55
Dodge: Dodged            |    45 |    12 ||    57
Block: Kite shield       |    48 |     7 ||    55

Table legend: (Time is in decaauts)
 A = Elapsed time spent in this place.
 B = Non-inter-level travel time spent in this place.
 C = Inter-level travel time spent in this place.
 D = Time resting spent in this place.
 E = Time spent auto-exploring this place.
 F = Levels seen in this place.
 G = Mean time per level.
                   A        B        C        D        E       F      G
               +--------+--------+--------+--------+--------+-----+--------+
         Total |   1601 |   1526 |     75 |      0 |   1137 |   4 |  400.2 |
       Dungeon |   1601 |   1526 |     75 |      0 |   1137 |   4 |  400.2 |
               +--------+--------+--------+--------+--------+-----+--------+

Top non-repeatable levels by time:
     D:1: 715 daAuts
     D:2: 489 daAuts
     D:3: 390 daAuts
     D:5: 5 daAuts
